 Dungeon Crawl Stone Soup version 0.31-a0-538-gbc85326fa9 (webtiles) character file.

Game seed: 7934169351561620979

54 avis the Chopper (level 3, -2/31 HPs)
             Began as a Hill Orc Monk on Aug 13, 2023.
             Slain by a gnoll
             ... wielding a +0 halberd
              (14 damage)
             ... on level 3 of the Dungeon.
             The game lasted 00:10:29 (2048 turns).

avis the Chopper (Hill Orc Monk)                    Turns: 2048, Time: 00:10:30

Health: -2/31      AC:  2    Str: 15    XL:     3   Next: 91%
Magic:  3/3        EV: 10    Int: 10    God:
Gold:   118        SH:  7    Dex: 13    Spells: 2/2 levels left

rFire   . . .        a - +0 hand axe
rCold   + . .        f - +0 kite shield
rNeg    . . .        b - +0 robe
rPois   .            (helmet currently unavailable)
rElec   .            (cloak currently unavailable)
rCorr   .            (gloves currently unavailable)
SInv    .            (boots currently unavailable)
Will    .....        (no amulet)
Stlth   +            m - ring of protection from cold
HPRegen 0.25/turn    (no ring)
MPRegen 0.08/turn

%: no passive effects
@: beast-form
A: beast (slay +0)
a: Begin Untransformation


You were on level 3 of the Dungeon.
You were a hulking beast.
You visited 1 branch of the dungeon, and saw 3 of its levels.

You collected 118 gold pieces.

Inventory:

Hand Weapons
 a - a +0 hand axe (weapon)
Missiles
 j - 6 poisoned darts
Armour
 b - a +0 robe (worn)
 d - an orb of light
 f - a +0 kite shield (worn)
Magical Staves
 p - a staff of poison
Jewellery
 e - an amulet of faith
 m - a ring of protection from cold (left hand)
Talismans
 h - a beast talisman (active)
 o - a blade talisman
Scrolls
 g - a scroll of enchant weapon {unknown}
 i - a scroll of teleportation {unknown}
 k - a scroll of fear {unknown}
 l - a scroll of identify {unknown}
 n - a scroll of noise {unknown}
Potions
 c - a potion of ambrosia


   Skills:
 - Level 3.6 Fighting
 * Level 6.2 Axes
 - Level 2.4 Dodging


You had 2 spell levels left.
You didn't know any spells.
Your spell library contained the following spells:

 Spells                   Type           Power      Damage    Failure   Level
 Summon Small Mammal      Summ           0%         N/A       80%         1
 Call Canine Familiar     Summ           0%         N/A       99%         3
 Summon Guardian Golem    Hex/Summ       0%         N/A       99%         3


Dungeon Overview and Level Annotations

Branches:
Dungeon (3/15)

Altars:


Message History

You climb downwards.
There is a stone staircase leading up here.
The helpless bat fails to defend itself.
You slash the bat!
You kill the bat!
You climb upwards.
There is a stone staircase leading down here.
There is a stone staircase leading down here.
You climb downwards.
There is a stone staircase leading up here.
You climb upwards.
There is a stone staircase leading down here.
There is an escape hatch in the floor here.
You slide downwards.
The hatch slams shut behind you.
You see here a +0 long sword.
You open the door.
You see here a +0 long sword.
You open the door.
A gnoll comes into view. It is wielding a +0 halberd.
Found 10 gold pieces. 2 gnolls come into view.
A gnoll is wielding a +0 halberd of protection.
Found 9 gold pieces.
The gnoll shouts! x2
There is an open door here.
There is a stone staircase leading up here.
You climb upwards.
There is a stone staircase leading down here.
There is an escape hatch in the floor here.
You slide downwards.
The hatch slams shut behind you.
You see here a +0 long sword.
There is an open door here.
You open the door. The gnoll barely misses you.
There is an open door here.
The gnoll hits you with a +0 halberd of protection!
The gnoll closely misses you.
The gnoll hits you from afar with a +0 halberd of protection!
The gnoll hits you from afar with a +0 halberd!
You die...

##### # #...#
#.####'#'##
#.#.......####+##
#..h..g.).'.....#
#...g.....#.....#
#....g....#.....#
#.........#...$.#
#..#......#..$..#
#####.####.#g....#
#<.......#.#g....#
#####....#.#.....#
######.#


You could see 3 gnolls.

Vanquished Creatures
  2 adders (D:2)
  3 endoplasms
  3 giant cockroaches
  3 goblins
  6 hobgoblins
  A kobold (D:2)
  A quokka (D:2)
  4 ball pythons
  5 bats
  2 frilled lizards (D:2)
  3 rats
33 creatures vanquished.

Notes
Turn   | Place    | Note
-------+----------+-------------------------------------------
     0 | D:1      | avis the Hill Orc Monk began the quest for the Orb.
     0 | D:1      | Reached XP level 1. HP: 19/19 MP: 1/1
   172 | D:1      | Reached XP level 2. HP: 21/26 MP: 2/2
   477 | D:1      | Reached skill level 5 in Axes
  1003 | D:2      | Reached XP level 3. HP: 27/31 MP: 3/3
  1205 | D:2      | Reached skill level 6 in Axes
  2048 | D:3      | Slain by a gnoll

Illustrated notes

Levels and vault maps discovered:
D:1:      amcnicky_arrival_flooded_fountain, layout_basic
D:2:      layout_basic
D:3:      layout_basic, uniq_ijyb

Skill      XL: |  1  2  3 |
---------------+----------+-----
Axes           | 5 6 |  6.2
Fighting       | |  3.6
Dodging        | |  2.4

Action                     || total
---------------------------++-------
  Melee: Hand axe          ||   107
   Stab: Sleeping          ||     4
 Armour: Robe              ||    16
  Dodge: Dodged            ||    45
  Block: Kite shield       ||    36
   Form: Beast             ||     1

Table legend: (Time is in decaauts)
 A = Elapsed time spent in this place.
 B = Non-inter-level travel time spent in this place.
 C = Inter-level travel time spent in this place.
 D = Time resting spent in this place.
 E = Time spent auto-exploring this place.
 F = Levels seen in this place.
 G = Mean time per level.
                   A        B        C        D        E       F      G
               +--------+--------+--------+--------+--------+-----+--------+
         Total |   2073 |   1721 |    352 |    127 |   1183 |   3 |  691.0 |
       Dungeon |   2073 |   1721 |    352 |    127 |   1183 |   3 |  691.0 |
               +--------+--------+--------+--------+--------+-----+--------+

Top non-repeatable levels by time:
     D:2: 1136 daAuts
     D:1: 903 daAuts
     D:3: 32 daAuts
